 Dungeon Crawl Stone Soup version 0.24.0-1-gfbc8707 (webtiles) character file.

Game seed: 3420596520375976343, levelgen mode: deterministic

216 Buxparty the Cudgeler (level 5, -1/64 HPs)
             Began as a Gnoll Wanderer on Jan 8, 2020.
             Was an Initiate of the Shining One.
             Killed from afar by an orc wizard (4 damage)
             ... with a puff of flame
             ... on level 5 of the Dungeon.
             The game lasted 00:07:38 (3019 turns).

Buxparty the Cudgeler (Gnoll Wanderer)              Turns: 3019, Time: 00:07:40

Health: -1/64      AC: 22    Str: 15    XL:     5   Next: 93%
Magic:  7/8        EV: -1    Int: 14    God:    the Shining One [......]
Gold:   152        SH:  0    Dex: 15    Spells: 7/7 levels left

rFire    . . .     SeeInvis .   a - +2 spear
rCold    . . .     Gourm    .   (no shield)
rNeg     + + +     Faith    .   (armour currently unavailable)
rPois    +         Spirit   .   (helmet currently unavailable)
rElec    .         Reflect  .   (cloak currently unavailable)
rCorr    .         Harm     .   (gloves currently unavailable)
MR       .....     NoTele   +   (boots currently unavailable)
Stlth    +.........             (no amulet)
HPRegen  0.20/turn              (no ring)
MPRegen  0.11/turn              (no ring)

@: tree-form, glowing, constricted
A: distributed training, high mp 1, strong nose
a: Renounce Religion


You were on level 5 of the Dungeon.
You worshipped the Shining One.
The Shining One was noncommittal.
You were not hungry.
You were a tree.
You visited 1 branch of the dungeon, and saw 5 of its levels.

You collected 152 gold pieces.

Inventory:

Hand Weapons
 a - a +2 spear (weapon)
 d - a +0 dagger
Missiles
 c - 12 poisoned darts (quivered)
 e - 99 arrows
 y - 41 sling bullets
Armour
 b - a +0 ring mail (melded)
 l - a +0 chain mail
 q - a +0 pair of gloves (melded)
Jewellery
 v - an uncursed ring of protection from magic {unknown}
Scrolls
 g - a scroll of noise {unknown}
 h - 3 scrolls of teleportation
 j - a scroll of enchant weapon {unknown}
 k - 2 scrolls of identify {unknown}
 m - a scroll of blinking {unknown}
 t - a scroll of remove curse {unknown}
 w - 2 scrolls of fear {unknown}
 z - 2 scrolls of amnesia {unknown}
Potions
 i - a potion of might {unknown}
 n - a potion of agility {unknown}
 o - a potion of mutation
 p - a potion of degeneration {unknown}
 r - a potion of lignification
 s - a potion of haste {unknown}
 u - a potion of brilliance {unknown}
 x - a potion of berserk rage {unknown}
Comestibles
 f - 6 rations


   Skills:
 + Level 4.8 Fighting
 + Level 1.6 Short Blades
 + Level 1.6 Long Blades
 + Level 1.6 Axes
 + Level 4.8 Maces & Flails
 + Level 3.1 Polearms
 + Level 1.6 Staves
 + Level 1.6 Slings
 + Level 1.6 Bows
 + Level 1.6 Crossbows
 + Level 3.1 Throwing
 + Level 3.1 Armour
 + Level 3.1 Dodging
 + Level 2.9 Stealth
 + Level 1.6 Shields
 + Level 1.6 Unarmed Combat
 + Level 1.6 Spellcasting
 + Level 1.3 Conjurations
 + Level 1.3 Hexes
 + Level 1.3 Charms
 + Level 1.3 Summonings
 + Level 1.3 Necromancy
 + Level 1.3 Translocations
 + Level 1.3 Transmutations
 + Level 1.3 Fire Magic
 + Level 1.3 Ice Magic
 + Level 1.3 Air Magic
 + Level 1.3 Earth Magic
 + Level 1.3 Poison Magic
 + Level 1.9 Invocations
 + Level 3.1 Evocations


You had 7 spell levels left.
You didn't know any spells.
Your spell library was empty.

Dungeon Overview and Level Annotations

Branches:
Dungeon (5/15)             Temple (0/1) D:4

Altars:
Dithmenos
Nemelex Xobeh
Okawaru
Zin
The Shining One

Shops:
D:4 (

Annotations:
D:4 Dowan, Duvessa


Innate Abilities, Weirdness & Mutations

Your experience applies equally to all skills.
((You have extremely sharp teeth.))
Your uncanny sense of smell can sniff out nearby items.
((You are partially covered in iridescent scales. (AC +2)))
You have an increased reservoir of magic. (+10% MP)


Message History

The ball python bites you but does no damage.
The ball python constricts you.
The orc wizard hits you but does no damage. x2
The orc wizard points at you and mumbles some strange words.
The puff of frost hits you but does no damage.
You barely miss the orc wizard.
The orc wizard is heavily wounded.
The orc wizard hits you but does no damage. x2
The ball python bites you but does no damage.
* * * LOW HITPOINT WARNING * * *
The ball python constricts you.
The orc wizard hits you but does no damage. x3
You closely miss the orc wizard.
The orc wizard is heavily wounded.
The orc wizard hits you but does no damage.
The ball python bites you but does no damage.
The ball python constricts you.
The orc wizard gestures at you while chanting.
The puff of flame hits you.
You die...

#..##.....#......#
................##
#..........(....#
#..............>#
#...............# ∆
#...............#
#...............##
......†.....S........
...##.......o♣.....######
. #.....!..oo.....<....#
...##########.#########
.... (# .... . .... ∆ ##


You could see 3 orc wizards and a ball python.

Vanquished Creatures
  A scorpion (D:4)
  An orc priest (D:3)
  6 adders
  An ooze (D:2)
  2 dart slugs (D:1)
  2 leopard geckos
  6 orcs
  2 giant cockroaches (D:3)
  7 goblins
  5 hobgoblins
  3 jackals (D:3)
  2 quokkas (D:3)
  A ball python (D:1)
  12 bats
  7 frilled lizards
  6 kobolds
  10 rats
74 creatures vanquished.

Notes
Turn   | Place    | Note
-------+----------+-------------------------------------------
     0 | D:1      | Buxparty the Gnoll Wanderer began the quest for the Orb.
     0 | D:1      | Buxparty set off with the following items: a +2 spear, a +0
                  | ring mail, 14 poisoned darts, a +0 dagger, a ration
     0 | D:1      | Reached XP level 1. HP: 20/20 MP: 2/2
    16 | D:1      | You fall into a shaft and drop 1 floor!
    42 | D:2      | Reached XP level 2. HP: 17/26 MP: 3/3
   386 | D:1      | Reached XP level 3. HP: 31/31 MP: 4/4
   598 | D:1      | Reached skill level 1 in Invocations
   979 | D:2      | Reached skill level 1 in Short Blades
   979 | D:2      | Reached skill level 1 in Long Blades
   979 | D:2      | Reached skill level 1 in Axes
   979 | D:2      | Reached skill level 1 in Staves
   979 | D:2      | Reached skill level 1 in Slings
   979 | D:2      | Reached skill level 1 in Bows
   979 | D:2      | Reached skill level 1 in Crossbows
   979 | D:2      | Reached skill level 1 in Shields
   979 | D:2      | Reached skill level 1 in Unarmed Combat
   979 | D:2      | Reached skill level 1 in Spellcasting
  1043 | D:2      | Reached XP level 4. HP: 38/38 MP: 6/6
  1175 | D:2      | Found a glowing golden altar of the Shining One.
  1183 | D:2      | Became a worshipper of the Shining One
  1407 | D:3      | Reached skill level 1 in Conjurations
  1407 | D:3      | Reached skill level 1 in Hexes
  1407 | D:3      | Reached skill level 1 in Charms
  1407 | D:3      | Reached skill level 1 in Summonings
  1407 | D:3      | Reached skill level 1 in Necromancy
  1407 | D:3      | Reached skill level 1 in Translocations
  1407 | D:3      | Reached skill level 1 in Transmutations
  1407 | D:3      | Reached skill level 1 in Fire Magic
  1407 | D:3      | Reached skill level 1 in Ice Magic
  1407 | D:3      | Reached skill level 1 in Air Magic
  1407 | D:3      | Reached skill level 1 in Earth Magic
  1407 | D:3      | Reached skill level 1 in Poison Magic
  1612 | D:3      | Reached XP level 5. HP: 43/43 MP: 7/7
  1936 | D:3      | Found a shadowy altar of Dithmenos.
  1955 | D:3      | Found a faded altar of an unknown god.
  1955 | D:3      | Found a faded altar of an unknown god.
  2011 | D:3      | Found a glowing silver altar of Zin.
  2016 | D:3      | Found an iron altar of Okawaru.
  2017 | D:3      | Found a sparkling altar of Nemelex Xobeh.
  2448 | D:4      | Found Oxel Iga's Antique Weapon Boutique.
  2927 | D:4      | Found a staircase to the Ecumenical Temple.
  2951 | D:4      | Noticed Dowan
  2952 | D:4      | Noticed Duvessa
  2989 | D:5      | Entered Level 5 of the Dungeon
  3012 | D:5      | Gained mutation: You are partially covered in iridescent
                  | scales. (AC +2) [potion of mutation]
  3012 | D:5      | Gained mutation: You have an increased reservoir of magic.
                  | (+10% MP) [potion of mutation]
  3012 | D:5      | Gained mutation: You have extremely sharp teeth. [potion of
                  | mutation]
  3012 | D:5      | HP: 2/43 [orc wizard/magic dart (2)]
  3018 | D:5      | HP: 3/64 [ball python (1)]
  3019 | D:5      | Killed from afar by an orc wizard

Levels and vault maps discovered:
D:1:      dpeg_arrival_oval, layout_basic, st_stairs_7
D:2:      layout_basic, tso_altar
D:3:      layout_basic, chequers_temple_overflow_minitemple, roderic_batcave,
          grunt_dithmenos_smoke
D:4:      layout_basic, temple_green, serial_shops, shop,
          palyth_stone_intersect, uniq_duvessa, uniq_grinder
D:5:      layout_rooms, marbit_many_paths, first_ration,
          kennysheep_generic_room_14, uniq_prince_ribbit1

Skill      XL: |  1  2  3  4  5 |
---------------+----------------+-----
Invocations    | 1 |  1.9
Short Blades   | 1 |  1.6
Long Blades    | 1 |  1.6
Axes           | 1 |  1.6
Staves         | 1 |  1.6
Slings         | 1 |  1.6
Bows           | 1 |  1.6
Crossbows      | 1 |  1.6
Shields        | 1 |  1.6
Unarmed Combat | 1 |  1.6
Spellcasting   | 1 |  1.6
Conjurations   | 1 |  1.3
Hexes          | 1 |  1.3
Charms         | 1 |  1.3
Summonings     | 1 |  1.3
Necromancy     | 1 |  1.3
Translocations | 1 |  1.3
Transmutations | 1 |  1.3
Fire Magic     | 1 |  1.3
Ice Magic      | 1 |  1.3
Air Magic      | 1 |  1.3
Earth Magic    | 1 |  1.3
Poison Magic   | 1 |  1.3
Polearms       | 3 |  3.1
Throwing       | 3 |  3.1
Armour         | 3 |  3.1
Dodging        | 3 |  3.1
Evocations     | 3 |  3.1
Fighting       | |  4.8
Maces & Flails | |  4.8
Stealth        | |  2.9

Action                   |  1- 3 |  4- 6 || total
-------------------------+-------+-------++-------
Melee: Spear             |    98 |   151 ||   249
       Bite              |     6 |    10 ||    16
Throw: Dart              |       |     5 ||     5
  Use: Potion            |       |     2 ||     2
       Scroll            |       |     1 ||     1
 Stab: Sleeping          |     2 |     3 ||     5
  Eat: Ration            |     2 |     1 ||     3
Armor: Ring mail         |    17 |    34 ||    51
       Skin              |       |    24 ||    24
Dodge: Dodged            |    43 |    61 ||   104
